 Dungeon Crawl Stone Soup version 0.23.0 (webtiles) character file.

Game seed: 10047850430219412912

721 tidbits the Charmwright (level 7, 56/56 HPs)
             Began as a Gnoll Skald on Feb 14, 2019.
             Quit the game in the Ecumenical Temple.
             The game lasted 00:13:12 (1334 turns).

tidbits the Charmwright (Gnoll Skald)               Turns: 1334, Time: 00:13:13

Health: 56/56      AC:  5    Str: 13    XL:     7   Next: 70%
Magic:  15/15      EV: 15    Int: 17    God:
Gold:   103        SH:  0    Dex: 15    Spells: 6/17 levels left

rFire    x . .     SeeInvis .   a - +1 spear (pierce)
rCold    + . .     Gourm    .   (no shield)
rNeg     . . .     Faith    .   b - +0 leather armour
rPois    .         Spirit   .   E - +0 helmet
rElec    .         Reflect  .   (no cloak)
rCorr    .         Harm     .   (no gloves)
MR       .....                  F - +0 pair of boots
Stlth    ++........             y - amulet of magic regeneration
HPRegen  0.18/turn              t - ring of ice
MPRegen  0.39/turn              (no ring)

@: no status effects
A: distributed training, fangs 1, strong nose
a: no special abilities


You were in the Ecumenical Temple.
You were not hungry.

You visited 2 branches of the dungeon, and saw 9 of its levels.

You collected 103 gold pieces.

Inventory:

Hand Weapons
 a - a +1 spear of piercing (weapon)
   (You took it off Robin on level 3 of the Dungeon)
 f - a +0 dagger
 n - a +0 hunting sling
 q - a +0 spear
 u - a +1 mace of protection
   (You took it off an orc on level 6 of the Dungeon)
Missiles
 g - 98 arrows
 o - 10 stones (quivered)
 s - 23 sling bullets
Armour
 b - a +0 leather armour (worn)
 E - a +0 helmet (worn)
 F - a +0 pair of boots (worn)
Jewellery
 t - a ring of ice (left hand)
   (You found it on level 6 of the Dungeon)
 y - an amulet of magic regeneration (around neck)
   (You found it on level 3 of the Dungeon)
Wands
 k - a wand of disintegration (5)
 p - a wand of paralysis (14)
 x - a wand of iceblast (11)
Scrolls
 c - 2 scrolls of fear
 i - 4 scrolls of identify
 m - 6 scrolls of teleportation
 r - 2 scrolls of remove curse
 w - a scroll of fog
Potions
 e - a potion of curing {unknown}
 h - 3 potions of heal wounds {unknown}
 j - a potion of ambrosia {unknown}
 l - 2 potions of degeneration {unknown}
 v - 2 potions of agility {unknown}
 z - a potion of berserk rage
Comestibles
 d - 5 rations


   Skills:
 + Level 5.3 Fighting
 + Level 2.6 Short Blades
 + Level 2.6 Long Blades
 + Level 2.6 Axes
 + Level 2.6 Maces & Flails
 + Level 5.3 Polearms
 + Level 2.6 Staves
 + Level 2.6 Slings
 + Level 2.6 Bows
 + Level 2.6 Crossbows
 + Level 2.6 Throwing
 + Level 3.7 Armour
 + Level 5.3 Dodging
 + Level 2.6 Stealth
 + Level 2.6 Shields
 + Level 2.6 Unarmed Combat
 + Level 5.7 Spellcasting
 + Level 2.1 Conjurations
 + Level 2.1 Hexes
 + Level 5.9 Charms
 + Level 2.1 Summonings
 + Level 2.1 Necromancy
 + Level 2.1 Translocations
 + Level 2.1 Transmutations
 + Level 2.1 Fire Magic
 + Level 2.1 Ice Magic
 + Level 2.1 Air Magic
 + Level 2.1 Earth Magic
 + Level 2.1 Poison Magic
 + Level 2.9 Invocations
 + Level 2.6 Evocations


You had 6 spell levels left.
You knew the following spells:

 Your Spells              Type           Power        Failure   Level  Hunger
g - Shroud of Golubria    Chrm/Tloc      ###.......   4%          2    #......
i - Infusion              Chrm           ###.         1%          1    None
r - Regeneration          Chrm/Necr      ###.......   10%         3    ##.....
w - Spectral Weapon       Hex/Chrm       ###.....     10%         3    ##.....
y - Song of Slaying       Chrm           ###.....     2%          2    #......

Your spell library contained the following spells:

 Spells                   Type           Power        Failure   Level  Hunger
 Confusing Touch          Hex            ##....       7%          1    None
 Confuse                  Hex            ##......     21%         3    ##.....
 Gell's Gravitas          Tloc           ##........   21%         3    ##.....
 Petrify                  Tmut/Erth      ##......     56%         4    ####...
 Metabolic Englaciation   Hex/Ice        ###.......   88%         5    ######.
 Yara's Violent Unravell  Hex/Tmut       ##........   88%         5    ######.


Dungeon Overview and Level Annotations

Branches:
Dungeon (8/15)             Temple (1/1) D:6
   Lair: D:8-11

Altars:
Ashenzari
Dithmenos
Elyvilon
Fedhas
Gozag
Okawaru
Qazlal
Ru
Sif Muna
Uskayaw
Vehumet
Wu Jian
Xom
Yredelemnul
Zin
The Shining One


Innate Abilities, Weirdness & Mutations

Your experience applies equally to all skills.
You have very sharp teeth.
Your uncanny sense of smell can sniff out nearby items.


Message History

It is a scroll of amnesia.
Forget Infusion, freeing 1 spell level for a total of 7?
Okay, then.
Unknown command.
Okay, then.
Adjust (i)tems, (s)pells, or (a)bilities?
Adjust which item? (? for menu, Esc to quit)
e - 4 scrolls of identify Adjust to which letter? (? for menu, Esc to quit)
i - 4 scrolls of identify;
e - a fuming orange potion Unknown command.
You see here 12 gold pieces.
You now have 103 gold pieces (gained 12).
There is a stone staircase leading down here.
You climb downwards.
There is a stone staircase leading up here.
Unknown command.
You climb upwards.
There is a stone staircase leading down here.
Unknown command.
There is an escape hatch in the floor here.
You slide downwards.
The hatch slams shut behind you.
Unknown command.
Unknown command.
An orc priest comes into view. It is wielding a +0 dagger.
Found a staircase to the Ecumenical Temple.
Unknown command.
Casting: Spectral Weapon (safe; 10% risk of failure)
Confirm with . or Enter, or press ? or * to list all spells.
You draw out your weapon's spirit!
Unknown command.
A quokka comes into view.
Unknown command.
The orc priest shouts!
The orc priest closely misses you.
Unknown command.
You hit the orc priest.
The orc priest is heavily wounded.
Your spectral weapon hits the orc priest from afar.
The orc priest hits you but does no damage.
You barely miss the orc priest.
The orc priest is severely wounded.
Your spectral weapon barely misses the orc priest.
The orc priest looks encouraged for a moment.
You hit the orc priest.
You kill the orc priest!
There is a staircase to the Ecumenical Temple, spattered with blood here.
You see here a +0 dagger.
You climb downwards.
Welcome to the Ecumenical Temple!
Your summoned ally is left behind.
Your spectral weapon fades away.
There is a staircase back to the Dungeon here.
Unknown command.
You open the door.
Unknown command.
There is an open door here.
Unknown command.
You open the door.
Found a stormy altar of Qazlal.
You open the door.
Found a glowing golden altar of the Shining One.
There is an open door here.
Unknown command.
You open the door.
Found a deep blue altar of Sif Muna.
You open the door.
Found an opulent altar of Gozag.
There is an open door here.
Unknown command.
Unknown command.
You open the door.
Found a shadowy altar of Dithmenos.
There is an open door here.
You open the door.
Unknown command.
There is an open door here.
You open the door.
Found a basalt altar of Yredelemnul.
You open the door.
Found a shattered altar of Ashenzari.
You open the door.
Found a hide-covered altar of Uskayaw.
Unknown command.
Unknown command.
You open the door.
Found a shimmering altar of Xom.
You open the door.
Found a sacrificial altar of Ru.
You open the door.
Found a white marble altar of Elyvilon.
There is an open door here.
You open the door.
Found a radiant altar of Vehumet.
There is an open door here.
You open the door.
There is an open door here.
Unknown command.
You open the door.
Found an ornate altar of the Wu Jian Council.
Are you sure you want to abandon this character and quit the game? (Confirm with "yes".)

#.....#...##.....##.......##...
#.._..'...##..<..###.....## .._
#.....#...##.....##.......##...
##...##....#'...+#.........#+..
#### ##....#####.....#.....###
#.....###.....# #.....##
##...........#####......
#...'#.........#'...'#.....
#.....###..@..###.....###...
#.._.. ###'### #.._..# ###'
#..... ... #.....# #.. ##...#
..... ##...## #... #### #.._..#
##### #.._ #.....# #... ##...##
##.. ##### ###


There were no monsters in sight!

Vanquished Creatures
  An ice beast (D:6)
  An ogre (D:5)
  2 scorpions
  A crimson imp (D:5)
  A bullfrog skeleton (D:5)
  2 hounds
  An orc priest (D:6)
  2 iguanas
  Ijyb (D:4)
  An orc wizard (D:6)
  3 worker ants (D:5)
  A hound skeleton (D:4)
  Robin (D:3)
  A gnoll (D:1)
  An adder (D:2)
  A shadow imp (D:5)
  2 adder skeletons
  An adder zombie (D:6)
  2 leopard geckos (D:5)
  5 orcs
  3 bats
  A giant cockroach (D:4)
  13 goblins
  5 hobgoblins
  9 kobolds
  A quokka (D:2)
  3 frilled lizards
  2 quokka skeletons
  2 rats (D:1)
70 creatures vanquished.

Notes
Turn   | Place    | Note
-------+----------+-------------------------------------------
     0 | D:1      | tidbits the Gnoll Skald began the quest for the Orb.
     0 | D:1      | Reached XP level 1. HP: 20/20 MP: 6/6
    90 | D:1      | Reached XP level 2. HP: 26/26 MP: 2/7
    94 | D:1      | Learned a level 2 spell: Song of Slaying
    97 | D:1      | Learned a level 2 spell: Shroud of Golubria
   163 | D:2      | Reached skill level 5 in Spellcasting
   163 | D:2      | Reached XP level 3. HP: 31/31 MP: 1/9
   168 | D:2      | Learned a level 3 spell: Regeneration
   172 | D:2      | Learned a level 3 spell: Spectral Weapon
   277 | D:3      | Noticed Robin
   286 | D:3      | Reached skill level 1 in Invocations
   301 | D:3      | Reached skill level 1 in Short Blades
   301 | D:3      | Reached skill level 1 in Long Blades
   301 | D:3      | Reached skill level 1 in Axes
   301 | D:3      | Reached skill level 1 in Maces & Flails
   301 | D:3      | Reached skill level 1 in Staves
   301 | D:3      | Reached skill level 1 in Slings
   301 | D:3      | Reached skill level 1 in Bows
   301 | D:3      | Reached skill level 1 in Crossbows
   301 | D:3      | Reached skill level 1 in Throwing
   301 | D:3      | Reached skill level 1 in Stealth
   301 | D:3      | Reached skill level 1 in Shields
   301 | D:3      | Reached skill level 1 in Unarmed Combat
   301 | D:3      | Reached skill level 1 in Evocations
   305 | D:3      | Killed Robin
   305 | D:3      | Reached XP level 4. HP: 10/38 MP: 2/11
   355 | D:4      | Reached skill level 1 in Conjurations
   355 | D:4      | Reached skill level 1 in Hexes
   355 | D:4      | Reached skill level 1 in Summonings
   355 | D:4      | Reached skill level 1 in Necromancy
   355 | D:4      | Reached skill level 1 in Translocations
   355 | D:4      | Reached skill level 1 in Transmutations
   355 | D:4      | Reached skill level 1 in Fire Magic
   355 | D:4      | Reached skill level 1 in Ice Magic
   355 | D:4      | Reached skill level 1 in Air Magic
   355 | D:4      | Reached skill level 1 in Earth Magic
   355 | D:4      | Reached skill level 1 in Poison Magic
   380 | D:4      | Reached XP level 5. HP: 25/43 MP: 2/12
   433 | D:4      | Found a blossoming altar of Fedhas.
   433 | D:4      | Found a glowing silver altar of Zin.
   436 | D:4      | You fall through a shaft for 3 floors!
   472 | D:7      | Noticed an ice beast
   486 | D:7      | Reached skill level 3 in Armour
   513 | D:7      | Noticed a big kobold
   521 | D:6      | Found a shadowy altar of Dithmenos.
   668 | D:6      | Noticed an ice beast
   679 | D:6      | Killed an ice beast
   679 | D:6      | Reached skill level 5 in Fighting
   679 | D:6      | Reached skill level 5 in Polearms
   679 | D:6      | Reached skill level 5 in Dodging
   679 | D:6      | Reached skill level 2 in Invocations
   679 | D:6      | Reached XP level 6. HP: 49/51 MP: 10/14
   688 | D:5      | Entered Level 5 of the Dungeon
   732 | D:5      | Reached skill level 2 in Short Blades
   732 | D:5      | Reached skill level 2 in Long Blades
   732 | D:5      | Reached skill level 2 in Axes
   732 | D:5      | Reached skill level 2 in Maces & Flails
   732 | D:5      | Reached skill level 2 in Staves
   732 | D:5      | Reached skill level 2 in Slings
   732 | D:5      | Reached skill level 2 in Bows
   732 | D:5      | Reached skill level 2 in Crossbows
   732 | D:5      | Reached skill level 2 in Throwing
   732 | D:5      | Reached skill level 2 in Stealth
   732 | D:5      | Reached skill level 2 in Shields
   732 | D:5      | Reached skill level 2 in Unarmed Combat
   732 | D:5      | Reached skill level 2 in Evocations
   868 | D:4      | Noticed Ijyb
   876 | D:4      | Killed Ijyb
   876 | D:4      | Reached XP level 7. HP: 44/56 MP: 9/15
  1001 | D:5      | Reached skill level 2 in Conjurations
  1001 | D:5      | Reached skill level 2 in Hexes
  1001 | D:5      | Reached skill level 2 in Summonings
  1001 | D:5      | Reached skill level 2 in Necromancy
  1001 | D:5      | Reached skill level 2 in Translocations
  1001 | D:5      | Reached skill level 2 in Transmutations
  1001 | D:5      | Reached skill level 2 in Fire Magic
  1001 | D:5      | Reached skill level 2 in Ice Magic
  1001 | D:5      | Reached skill level 2 in Air Magic
  1001 | D:5      | Reached skill level 2 in Earth Magic
  1001 | D:5      | Reached skill level 2 in Poison Magic
  1109 | D:5      | Found an iron altar of Okawaru.
  1234 | D:6      | Found a staircase to the Ecumenical Temple.
  1244 | Temple   | Entered the Ecumenical Temple
  1334 | Temple   | Quit the game

Skill      XL: |  1  2  3  4  5  6  7 |
---------------+----------------------+-----
Spellcasting   | 5 |  5.7
Invocations    | 1 2 |  2.9
Short Blades   | 1 2 |  2.6
Long Blades    | 1 2 |  2.6
Axes           | 1 2 |  2.6
Maces & Flails | 1 2 |  2.6
Staves         | 1 2 |  2.6
Slings         | 1 2 |  2.6
Bows           | 1 2 |  2.6
Crossbows      | 1 2 |  2.6
Throwing       | 1 2 |  2.6
Stealth        | 1 2 |  2.6
Shields        | 1 2 |  2.6
Unarmed Combat | 1 2 |  2.6
Evocations     | 1 2 |  2.6
Conjurations   | 1 2 |  2.1
Hexes          | 1 2 |  2.1
Summonings     | 1 2 |  2.1
Necromancy     | 1 2 |  2.1
Translocations | 1 2 |  2.1
Transmutations | 1 2 |  2.1
Fire Magic     | 1 2 |  2.1
Ice Magic      | 1 2 |  2.1
Air Magic      | 1 2 |  2.1
Earth Magic    | 1 2 |  2.1
Poison Magic   | 1 2 |  2.1
Armour         | 3 |  3.7
Fighting       | 5 |  5.3
Polearms       | 5 |  5.3
Dodging        | 5 |  5.3
Charms         | |  5.9

Action                   |  1- 3 |  4- 6 |  7- 9 || total
-------------------------+-------+-------+-------++-------
Melee: Spear             |    55 |    82 |    39 ||   176
       Bite              |     3 |     7 |     4 ||    14
 Cast: Infusion          |     4 |       |       ||     4
       Song of Slaying   |     2 |     1 |       ||     3
       Shroud of Golubri |     1 |     3 |     1 ||     5
       Spectral Weapon   |     3 |    13 |     7 ||    23
       Regeneration      |       |     2 |       ||     2
Evoke: Wand              |     2 |     1 |       ||     3
  Use: Scroll            |       |       |     6 ||     6
 Stab: Distracted        |     1 |     2 |       ||     3
       Sleeping          |       |     1 |     1 ||     2
  Eat: Ration            |       |     1 |     1 ||     2
Armor: Leather armour    |    15 |    13 |     6 ||    34
Dodge: Dodged            |    49 |    32 |    23 ||   104

Table legend:
 A = Turns spent in this place as a percentage of turns spent in the entire game.
 B = Non-inter-level travel turns spent in this place as a percentage of non-inter-level travel turns spent in the entire game.
 C = Inter-level travel turns spent in this place as a percentage of turns spent in this place.
 D = Turns resting spent in this place as a percentage of non-inter-level travel turns spent in this place.
 E = Turns spent auto-exploring this place as a percentage of non-inter-level travel turns spent in this place.
 F = Non-inter-level travel turns spent in this place divided by the number of levels of this place that you've seen.
                   A       B       C       D       E      F
               +-------+-------+-------+-------+-------+----------------------
         Total | 100.0 | 100.0 |   5.6 |   0.0 |   0.0 | 139.9
       Dungeon |  93.3 |  92.9 |   6.0 |   0.0 |   0.0 | 146.1
        Temple |   6.7 |   7.1 |   0.0 |   0.0 |   0.0 |  90.0
               +-------+-------+-------+-------+-------+----------------------

Table legend:
 A = Kills in this place as a percentage of kills in entire the game.
 B = Kills by you in this place as a percentage of kills by you in the entire game.
 C = Kills by friends in this place as a percentage of kills by friends in the entire game.
 D = Other kills in this place as a percentage of other kills in the entire game.
 E = Experience gained in this place as a percentage of experience gained in the entire game.
 F = Experience gained in this place divided by the number of levels of this place that you have seen.
                   A       B       C       D       E      F
               +-------+-------+-------+-------+-------+----------------------
         Total | 100.0 | 100.0 |   N/A |   N/A | 100.0 | 114.4
       Dungeon | 100.0 | 100.0 |   N/A |   N/A | 100.0 | 128.8
               +-------+-------+-------+-------+-------+----------------------

Levels and vault maps discovered:
D:1:      sevenhm_arrival_forest_fort_large_1, layout_basic,
          hangedman_decor_lopped, minmay_fountain_box
D:2:      layout_basic, uniq_terence
D:3:      layout_rooms, trog_three_pillars_becter, uniq_robin
D:4:      minmay_bubble_buster, layout_basic,
          gammafunk_temple_overflow_elements, palyth_stone_intersect, uniq_ijyb
D:5:      minmay_evil_eye, layout_cave_pods, kennysheep_mini_moat, first_ration,
          kennysheep_small_square
D:6:      layout_cave_pods, minmay_temple_entry_proselytizer,
          nicolae_dithmenos_shadow_blocks
D:7:      layout_loops_ring, nicolae_overflow_crystal_walls,
          gammafunk_ghost_grave
D:8:      old_forge, layout_cave_pools, grunt_temple_overflow_diamond,
          nicolae_overflow_hidden_temple
Temple:   nicolae_temple_figure_eight
